 Dungeon Crawl Stone Soup version 0.18-b1-22-ge198996 (webtiles) character file.

2372 varam the Grappler (level 9, -4/75 HPs)
             Began as a Troll Transmuter on May 3, 2016.
             Splashed by an oklob plant's acid (11 damage)
             ... on level 1 of the Lair of Beasts.
             The game lasted 00:19:20 (6849 turns).

varam the Grappler (Troll Transmuter)               Turns: 6849, Time: 00:19:21

Health: -4/75      AC: -2    Str: 20    XL:     9   Next: 21%
Magic:  7/13       EV: 14    Int: 14    God:
Gold:   396        SH:  0    Dex: 18    Spells: 4 memorised, 5 levels left

rFire  . . .     SeeInvis .       - Unarmed
rCold  . . .     Gourm    +     (armour currently unavailable)
rNeg   . . .     Faith    .     (shield currently unavailable)
rPois  x         Spirit   .     (helmet currently unavailable)
rElec  .         Dismiss  .     (cloak currently unavailable)
rCorr  .         Reflect  .     (gloves unavailable)
SustAt .         Harm     .     (boots unavailable)
MR     .....                    (no amulet)
Stlth  ++........               B - +2 ring of intelligence
                                K - +3 ring of intelligence

@: spider-form (expiring), corroded, very slightly contaminated, not resistant
to hostile enchantments, unstealthy
A: unfitting armour, (claws 0), fast metabolism 3, gourmand, regeneration 2,
(shaggy fur 0), (tough skin 0)
a: End Transformation


You were on level 1 of the Lair of Beasts.
You were full.
You were a venomous arachnid creature.
You visited 3 branches of the dungeon, and saw 11 of its levels.

You collected 396 gold pieces.

Inventory:

Missiles
 a - 185 arrows
Armour
 b - a +0 robe (melded)
 F - a +0 cloak (melded)
Jewellery
 l - an uncursed ring of magical power
 q - an uncursed ring of magical power
 B - a +2 ring of intelligence (right front leg)
 E - an uncursed ring of positive energy
 K - a +3 ring of intelligence (left front leg)
Wands
 z - a wand of polymorph (13/24)
 D - a wand of enslavement (8/24)
 H - a wand of iceblast (7/15)
 L - a wand of enslavement (7/24)
 M - a wand of lightning (4/15)
Scrolls
 e - 5 scrolls of identify {unknown}
 g - 2 scrolls of recharging {unknown}
 i - 3 scrolls of teleportation {unknown}
 j - 2 scrolls of remove curse {unknown}
 k - 4 scrolls of enchant armour {unknown}
 m - a scroll of blinking {unknown}
 n - 2 scrolls of fear {unknown}
 o - 3 scrolls of amnesia {unknown}
 u - 2 scrolls of enchant weapon {unknown}
 N - 3 scrolls of fog {unknown}
Potions
 f - a potion of agility {unknown}
 r - a potion of brilliance {unknown}
 s - 2 potions of resistance {unknown}
 t - a potion of heal wounds {unknown}
 v - 2 potions of curing {unknown}
 x - 2 potions of mutation {unknown}
 A - a potion of might {unknown}
 C - a potion of flight {unknown}
 G - a potion of beneficial mutation {unknown}
Books
 c - a book of Changes

   Spells                             Type                      Level
   a - Beastly Appendage              Transmutation                1
   b - Sticks to Snakes               Transmutation                2
   c - Spider Form                    Transmutation/Poison         3
   d - Ice Form                       Ice/Transmutation            4
   e - Blade Hands                    Transmutation                5
 y - a book of Flames

   Spells                             Type                      Level
   a - Flame Tongue                   Conjuration/Fire             1
   b - Throw Flame                    Conjuration/Fire             2
   c - Conjure Flame                  Conjuration/Fire             3
   d - Inner Flame                    Hexes/Fire                   3
   e - Sticky Flame                   Conjuration/Fire             4
   f - Fireball                       Conjuration/Fire             5
 J - a book of Beasts

   Spells                             Type                      Level
   a - Summon Butterflies             Summoning                    1
   b - Call Canine Familiar           Summoning                    3
   c - Summon Ice Beast               Ice/Summoning                4
   d - Summon Mana Viper              Hexes/Summoning              5
   e - Summon Hydra                   Summoning                    7
Comestibles
 d - 8 bread rations
 h - 9 fruits
 p - 9 slices of pizza
 w - 4 meat rations
 I - 2 beef jerkies


   Skills:
 - Level 0.7 Fighting
 - Level 1.5 Dodging
 - Level 10.2 Unarmed Combat
 + Level 3.5 Spellcasting
 + Level 4.0 Transmutations
 + Level 1.0 Ice Magic


You had 5 spell levels left.
You knew the following spells:

 Your Spells              Type           Power        Failure   Level  Hunger
a - Beastly Appendage     Trmt           ##....       14%         1    None
b - Sticks to Snakes      Trmt           ##......     24%         2    ##.....
c - Spider Form           Trmt/Pois      #.........   52%         3    ###....
d - Ice Form              Ice/Trmt       #.......     93%         4    ####...


Dungeon Overview and Level Annotations

Branches:
Dungeon (9/15)             Temple (1/1) D:6            Lair (1/8) D:9
    Orc: D:9-12

Altars:
Ashenzari
Cheibriados
Dithmenos
Elyvilon
Fedhas
Gozag
Kikubaaqudgha
Makhleb
Okawaru
Pakellas
Qazlal
Ru
Sif Muna
Trog
Vehumet
Xom
Yredelemnul
Zin
The Shining One

Annotations:
Lair:1 exclusion: oklob plant


Innate Abilities, Weirdness & Mutations

You are too large for most types of armour.
((You have claws for hands.))
Your metabolism is lightning-fast.
You like to eat raw meat.
You heal very quickly.
((You are covered in fur (AC +1).))
((You have very tough skin (AC +2).))


Message History

You turn into a venomous arachnid creature.
Your +0 cloak melds into your body.
Your +0 robe melds into your body.
Your transformation is almost over.
The water moccasin bites you. The oklob plant spits acid at you.
The splash of acid hits you!
The acid burns!
The water moccasin bites you.
The water moccasin completely misses you.
You hit the oklob plant but do no damage.
The water moccasin bites you!
* * * LOW HITPOINT WARNING * * *
The oklob plant spits acid at you. The splash of acid misses you.
The water moccasin misses you.
There is a staircase back to the Dungeon here.
The water moccasin closely misses you. The oklob plant spits acid at you.
The splash of acid hits you!
* * * LOW HITPOINT WARNING * * *
The acid corrodes you!
The acid burns!
You die...

#..........P#
#...........#
#...........
...........
..........
.....P...#
#P_P..#
#PS..##
###s.P# #..##
..[.. ........
...........
............
.............
[.##P+####....


You could see an oklob plant and a water moccasin.

Vanquished Creatures
  Grinder (D:3)
  A human (D:7)
  A water moccasin (D:4)
  An ice beast (D:8)
  An orc warrior (D:8)
  A sky beast (D:7)
  An ogre (D:6)
  2 centaurs (D:7)
  A big kobold (D:7)
  2 giant frogs
  A wyvern zombie (D:8)
  4 wights (D:7)
  A howler monkey (D:5)
  2 crimson imps
  A centaur zombie (D:7)
  A jelly (D:7)
  6 hounds
  An orc priest (D:4)
  An iguana (D:4)
  6 orc wizards (D:7)
  Natasha (thrice) (D:3)
  A worker ant (D:6)
  4 sheep (D:7)
  A howler monkey skeleton (D:7)
  3 gnolls (D:5)
  8 adders
  A shadow imp (D:5)
  An ooze (D:2)
  5 worms
  3 dart slugs
  4 giant geckos
  19 orcs
  6 giant cockroaches
  9 goblins
  7 hobgoblins
  3 jackals (D:6)
  11 kobolds
  4 quokkas
  8 bats
  5 giant newts
  A quokka skeleton (D:7)
  7 rats
150 creatures vanquished.

Notes
Turn   | Place    | Note
--------------------------------------------------------------
     0 | D:1      | varam the Troll Transmuter began the quest for the Orb.
     0 | D:1      | Reached XP level 1. HP: 18/18 MP: 1/1
   185 | D:1      | Reached XP level 2. HP: 26/26 MP: 0/3
   811 | D:2      | Found a shadowy altar of Dithmenos.
   833 | D:2      | Reached XP level 3. HP: 28/32 MP: 1/4
  1251 | D:2      | Reached XP level 4. HP: 40/40 MP: 6/6
  1335 | D:3      | Found a stormy altar of Qazlal.
  1335 | D:3      | Noticed Grinder
  1468 | D:3      | Noticed Natasha
  1474 | D:3      | Killed Natasha
  1585 | D:3      | Reached XP level 5. HP: 41/46 MP: 7/7
  1708 | D:3      | Found a burning altar of Makhleb.
  1778 | D:3      | Noticed Natasha
  1782 | D:3      | Killed Natasha
  1841 | D:3      | Paralysed by Grinder for 2 turns
  1859 | D:3      | Killed Grinder
  1859 | D:3      | Reached XP level 6. HP: 38/54 MP: 9/9
  1879 | D:3      | Found a snail-covered altar of Cheibriados.
  1942 | D:3      | Noticed Natasha
  1949 | D:3      | Killed Natasha
  2010 | D:3      | Learned a level 2 spell: Sticks to Snakes
  2014 | D:3      | Learned a level 3 spell: Spider Form
  2697 | D:4      | Noticed a water moccasin
  2715 | D:4      | Killed a water moccasin
  2715 | D:4      | Reached skill level 4 in Unarmed Combat
  2715 | D:4      | Reached XP level 7. HP: 49/61 MP: 11/11
  2932 | D:5      | Entered Level 5 of the Dungeon
  2956 | D:5      | Found an ancient bone altar of Kikubaaqudgha.
  3103 | D:5      | Found a sacrificial altar of Ru.
  3562 | D:5      | Found a shattered altar of Ashenzari.
  3654 | D:5      | Reached skill level 5 in Unarmed Combat
  4120 | D:6      | Reached skill level 6 in Unarmed Combat
  4272 | D:6      | Found a staircase to the Ecumenical Temple.
  4301 | Temple   | Entered the Ecumenical Temple
  4653 | D:6      | Found a glowing golden altar of the Shining One.
  5291 | D:7      | Reached XP level 8. HP: 64/68 MP: 2/12
  5359 | D:7      | Found a basalt altar of Yredelemnul.
  5382 | D:7      | Reached skill level 7 in Unarmed Combat
  5561 | D:7      | Reached skill level 8 in Unarmed Combat
  5869 | D:7      | Reached skill level 9 in Unarmed Combat
  5894 | D:7      | Learned a level 4 spell: Ice Form
  6023 | D:7      | Found a bloodstained altar of Trog.
  6342 | D:7      | Reached skill level 10 in Unarmed Combat
  6342 | D:7      | Reached XP level 9. HP: 75/75 MP: 4/13
  6761 | D:8      | Reached skill level 1 in Ice Magic
  6839 | D:9      | Found a staircase to the Lair.
  6840 | D:9      | Found a shimmering altar of Xom.
  6843 | Lair:1   | Entered Level 1 of the Lair of Beasts
  6843 | Lair:1   | Found a glowing golden altar of the Shining One.
  6843 | Lair:1   | Noticed an oklob plant
  6849 | Lair:1   | Splashed by an oklob plant's acid

Skill      XL: |  1  2  3  4  5  6  7  8  9 |
---------------+----------------------------+-----
Transmutations | 2 3 4 |  4.0
Spellcasting   | 2 3 |  3.5
Unarmed Combat | 4 6 10 | 10.2
Ice Magic      | 1 |  1.0
Fighting       | |  0.7
Dodging        | |  1.5

Action                   |  1- 3 |  4- 6 |  7- 9 || total
-------------------------+-------+-------+-------++-------
Melee: Unarmed           |   124 |   123 |   217 ||   464
       Kick              |     6 |     7 |       ||    13
       Headbutt          |     4 |     7 |       ||    11
       Punch             |       |     2 |     1 ||     3
 Cast: Beastly Appendage |    23 |    17 |       ||    40
       Spider Form       |       |     5 |    42 ||    47
 Stab: Sleeping          |       |     1 |     4 ||     5
  Eat: Chunk             |    18 |    15 |    43 ||    76
Armor: Robe              |    46 |    25 |     3 ||    74
       Skin              |       |     2 |    11 ||    13
Dodge: Dodged            |    58 |    88 |   179 ||   325
